 Dungeon Crawl Stone Soup version 0.24.1 (webtiles) character file.

Game seed: 13641288426217127132, levelgen mode: deterministic

499 Destapler the Grave Robber (level 6, 0/49 HPs)
             Began as a Deep Dwarf Necromancer on Apr 3, 2020.
             Was a Believer of Fedhas.
             Slain by a wight
             ... wielding a cursed +5 war axe of freezing
              (12 damage)
             ... on level 4 of the Dungeon.
             The game lasted 00:16:56 (3714 turns).

Destapler the Grave Robber (Deep Dwarf Necromancer) Turns: 3714, Time: 00:16:57

Health: 0/49       AC:  2    Str: 13    XL:     6   Next: 94%
Magic:  10/10      EV: 11    Int: 16    God:    Fedhas [**....]
Gold:   334        SH:  0    Dex: 13    Spells: 8/12 levels left

rFire    . . .     SeeInvis .   a - +0 whip (vamp)
rCold    . . .     Gourm    .   (no shield)
rNeg     . . .     Faith    .   y - +0 robe (curse)
rPois    .         Spirit   .   (no helmet)
rElec    .         Reflect  .   (no cloak)
rCorr    .         Harm     .   (no gloves)
MR       .....                  (no boots)
Stlth    +.........             (no amulet)
HPRegen  0.00/turn              (no ring)
MPRegen  0.12/turn              (no ring)

@: non-regenerating, heavily drained
A: damage resistance, heal wounds, sense surroundings 1, no regeneration
a: Heal Wounds, Wall of Briars, Renounce Religion


You were on level 4 of the Dungeon.
You worshipped Fedhas.
Fedhas was pleased with you.
You were not hungry.

You visited 1 branch of the dungeon, and saw 5 of its levels.

You collected 334 gold pieces.

Inventory:

Hand Weapons
 a - a +0 vampiric whip (weapon)
 b - a +0 short sword of electrocution
Missiles
 i - 24 poisoned darts (quivered)
 l - 8 curare-tipped darts
 x - 6 javelins
Armour
 g - a +0 robe
 y - a cursed +0 robe (worn)
Scrolls
 f - 6 scrolls of teleportation {unknown}
 j - 8 scrolls of identify {unknown}
 k - 3 scrolls of fog {unknown}
 m - 2 scrolls of amnesia {unknown}
 o - 2 scrolls of enchant armour {unknown}
 p - 3 scrolls of remove curse {unknown}
 q - a scroll of enchant weapon {unknown}
 w - a scroll of blinking {unknown}
Potions
 h - a potion of brilliance {unknown}
 n - 3 potions of mutation {unknown}
 r - 2 potions of haste {unknown}
 s - 2 potions of heal wounds {unknown}
 t - a potion of cancellation {unknown}
 u - a potion of magic {unknown}
 v - a potion of agility {unknown}
 z - a potion of invisibility {unknown}
 A - a potion of berserk rage {unknown}
Comestibles
 c - 10 rations
 d - 11 chunks of flesh


   Skills:
 + Level 3.8(1.4) Maces & Flails
 - Level 2.1(0.0) Dodging
 - Level 2.4(0.0) Stealth
 + Level 3.9(1.4) Spellcasting
 + Level 6.4(3.8) Necromancy


You had 8 spell levels left.
You knew the following spells:

 Your Spells              Type           Power        Failure   Level  Hunger
a - Pain                  Necr           ##..         4%          1    ##.....
b - Vampiric Draining     Necr           ##........   14%         3    ####...

Your spell library contained the following spells:

 Spells                   Type           Power        Failure   Level  Hunger
 Animate Skeleton         Necr           N/A          4%          1    ##.....
 Animate Dead             Necr           N/A          41%         4    #####..
 Regeneration             Chrm/Necr      Unusable     N/A         3    N/A

Dungeon Overview and Level Annotations

Branches:
Dungeon (5/15)
 Temple: D:4-7

Altars:
Fedhas
Kikubaaqudgha
Ru
Trog
Xom
Zin


Innate Abilities, Weirdness & Mutations

You are resistant to damage.
You can heal yourself by infusing magical energy.
You passively map a small area around you.
You do not regenerate.


Message History

There is a stone staircase leading down here.
Casting: Vampiric Draining (safe; 12% risk of failure)
Confirm with . or Enter, or press ? or * to list all spells.
Aiming: Vampiric Draining (safe; 12% risk of failure)
Press: ? - help, Shift-Dir - straight line, f - wight
Aim: a wight, wielding a +5 war axe of freezing and wearing a cursed +0 robe You can't drain life from that!
You hit the wight but do no damage. The wight completely misses you.
You hit the wight.
The wight is lightly damaged.
The wight hits you with a cursed +5 war axe of freezing.
* * * LOW HITPOINT WARNING * * *
You feel drained. The wight freezes you.
Okay, then.
As you read the scroll labeled HAOTEM XOBISI, it crumbles to dust.
You hear the sound of one hand clapping.
It was a scroll of random uselessness.
The wight hits you with a cursed +5 war axe of freezing!
You die...
Fedhas appreciates your contribution to the ecosystem.

###'####≈# #.# #.#.#
§§≈.≈≈§##* ##.#######
#.#.# ≈§....≈⌠#
#........# #.#.#
§.._..§## #..#####.#
#.#.# ≈.....≈⌠# #..# #.#
#.#.# ≈≈≈≈≈≈≈#####..# #.#
#.#.# ##⌠#⌠####.....# #.#
####.#.# ######
####..############....#.#
.# #..#.@z#≈≈≈≈≈≈#......#
.# #......#≈≈.≈≈≈########
## #.#...##≈≈♣..≈#
#.....##≈..♣≈≈#
#......#≈≈≈.≈≈#
######.#≈≈..†≈#
#.###''### #......#
########


You could see a wight.

Vanquished Creatures
  A scorpion (D:4)
  A wight (D:4)
  A crimson imp (D:4)
  A bullfrog skeleton (D:4)
  2 hounds
  An orc wizard (D:4)
  A centaur skeleton (D:4)
  An iguana (D:4)
  A worker ant (D:4)
  6 adders
  3 worms
  3 dart slugs
  3 leopard geckos
  11 orcs
  A ball python (D:1)
  8 bats
  3 giant cockroaches
  6 goblins
  10 hobgoblins
  15 jackals
  A quokka (D:3)
  7 frilled lizards
  12 kobolds
  10 rats
109 creatures vanquished.

Notes
Turn   | Place    | Note
-------+----------+-------------------------------------------
     0 | D:1      | Destapler the Deep Dwarf Necromancer began the quest for
                  | the Orb.
     0 | D:1      | Reached XP level 1. HP: 15/15 MP: 3/3
   179 | D:1      | Reached XP level 2. HP: 22/22 MP: 5/5
   448 | D:1      | Reached skill level 1 in Maces & Flails
   969 | D:2      | Reached XP level 3. HP: 28/28 MP: 6/6
   974 | D:2      | Learned a level 3 spell: Vampiric Draining
  1215 | D:2      | Reached skill level 5 in Necromancy
  1468 | D:2      | Reached XP level 4. HP: 36/36 MP: 7/7
  1907 | D:3      | Found a faded altar of an unknown god.
  1918 | D:3      | Became a worshipper of Fedhas Madash
  1918 | D:3      | Reached * piety under Fedhas
  2042 | D:3      | Found a glowing silver altar of Zin.
  2175 | D:3      | Reached XP level 5. HP: 16/42 MP: 2/9
  2326 | D:3      | Reached ** piety under Fedhas
  2547 | D:3      | Found an ancient bone altar of Kikubaaqudgha.
  2548 | D:3      | Found a sacrificial altar of Ru.
  2908 | D:4      | Reached XP level 6. HP: 48/49 MP: 1/11
  2944 | D:4      | Found a shimmering altar of Xom.
  3067 | D:4      | Reached skill level 6 in Necromancy
  3254 | D:4      | Found a bloodstained altar of Trog.
  3685 | D:5      | Entered Level 5 of the Dungeon
  3714 | D:4      | Slain by a wight

Levels and vault maps discovered:
D:1:      mainiacjoe_arrival_reflecting_pool, layout_basic, minmay_tromino_v2
D:2:      minmay_chambers_of_twos, layout_basic, first_ration
D:3:      layout_loops_ring, gammafunk_temple_overflow_forgotten,
          chequers_ecumenical_altar_simple_redux
D:4:      layout_loops_ring, lightli_temple_of_fire, xom_teletrap_fun,
          chequers_serial_rivers_micro_b, kennysheep_generic_room_12
D:5:      layout_basic, kennysheep_slug_shrine, kennysheep_small_circle,
          uniq_duvessa

Skill      XL: |  1  2  3  4  5  6 |
---------------+-------------------+-----
Spellcasting   | 2 3 |  3.9
Maces & Flails | 1 2 3 |  3.8
Necromancy     | 5 6 |  6.4
Dodging        | |  2.1
Stealth        | |  2.4

Action                   |  1- 3 |  4- 6 || total
-------------------------+-------+-------++-------
Melee: Whip              |   231 |   329 ||   560
       Short sword       |     1 |       ||     1
Throw: Dart              |       |    16 ||    16
 Cast: Vampiric Draining |       |    35 ||    35
       Pain              |       |     2 ||     2
 Abil: Heal Wounds       |     1 |     4 ||     5
  Use: Scroll            |       |     1 ||     1
 Stab: Sleeping          |     5 |     6 ||    11
  Eat: Chunk             |     2 |    12 ||    14
Armor: Robe              |    54 |    44 ||    98
Dodge: Dodged            |   189 |   216 ||   405
